 Dungeon Crawl Stone Soup version 0.19-a0-1587-gaef70b6 (webtiles) character file.

1555 Amnesiac the Prestidigitator (level 8, -4/54 HPs)
             Began as a Mummy Artificer on Sept 16, 2016.
             Was an Initiate of Gozag.
             Slain by a spriggan
             ... wielding a +0 short sword
              (13 damage)
             ... on level 7 of the Dungeon.
             The game lasted 00:22:35 (8241 turns).

Amnesiac the Prestidigitator (Mummy Artificer)      Turns: 8241, Time: 00:22:35

Health: -4/54      AC: 10    Str: 16    XL:     8   Next: 58%
Magic:  15/15      EV:  7    Int: 15    God:    Gozag
Gold:   621        SH:  0    Dex: 14    Spells: 0 memorised, 7 levels left

rFire  x x .     SeeInvis .     a - +0 dagger (venom)
rCold  + + .     Gourm    .     k - +0 chain mail
rNeg   + + +     Faith    .     (no shield)
rPois  ∞         Spirit   .     (no helmet)
rElec  .         Dismiss  .     h - +1 cloak
rCorr  .         Reflect  .     (no gloves)
MR     +....     Harm     .     (no boots)
Stlth  ..........               (no amulet)
                                l - ring of ice
                                p - +5 ring of intelligence

@: no status effects
A: no food or potions, fire vulnerability, cold resistance 1, negative energy
resistance 3, torment resistance, unbreathing
a: Potion Petition, Call Merchant, Bribe Branch, Renounce Religion


You were on level 7 of the Dungeon.
You worshipped Gozag.
Gozag was pleased with you.
You were not hungry.

You visited 2 branches of the dungeon, and saw 8 of its levels.

You collected 684 gold pieces.
You paid 63 gold pieces to Gozag.

Inventory:

Hand Weapons
 a - a +0 dagger of venom (weapon)
 b - a +3 whip
 q - a +2 mace of venom
 t - a +3 quarterstaff of chaos
Armour
 h - a +1 cloak (worn)
 k - a +0 chain mail (worn)
 m - a +0 plate armour
Jewellery
 f - a +6 ring of protection {unknown}
 l - a ring of ice (right hand)
 p - a +5 ring of intelligence (left hand)
 u - an uncursed amulet of rage {unknown}
Wands
 c - a wand of flame (0/48)
 d - a wand of enslavement (6/24)
 e - a wand of random effects (0/48)
 o - a wand of polymorph (9/24)
Scrolls
 g - 2 scrolls of enchant weapon
 i - 3 scrolls of remove curse
 j - 2 scrolls of identify
 n - 2 scrolls of recharging
 s - 3 scrolls of amnesia


   Skills:
 - Level 1.0 Fighting
 - Level 0.7 Short Blades
 - Level 1.5 Dodging
 - Level 0.7 Stealth
 + Level 9.4 Evocations


You had 7 spell levels left.
You didn't know any spells.

Dungeon Overview and Level Annotations

Branches:
Dungeon (7/15)             Temple (1/1) D:5

Altars:
Ashenzari
Cheibriados
Dithmenos
Fedhas
Gozag
Hepliaklqana
Kikubaaqudgha
Makhleb
Nemelex Xobeh
Okawaru
Qazlal
Ru
Sif Muna
Trog
Uskayaw
Vehumet
Xom
Yredelemnul
Zin
The Shining One

Shops:
D:4 ([=*

Annotations:
D:6 Duvessa


Innate Abilities, Weirdness & Mutations

You do not eat or drink.
Your flesh is vulnerable to fire.
You are immune to poison.
Your flesh is cold resistant. (rC+)
You are immune to negative energy. (rN+++)
You are immune to unholy pain and torment.
You can survive without breathing.


Message History

A spriggan is nearby!
You hit the spriggan but do no damage.
The spriggan is severely wounded.
The spriggan barely misses you.
You barely miss the spriggan.
The spriggan is severely wounded.
The spriggan hits you with a short sword!
You miss the spriggan.
The spriggan is severely wounded.
The spriggan hits you with a short sword!
* * * LOW HITPOINT WARNING * * *
You hit the spriggan but do no damage.
The spriggan is poisoned.
The spriggan is severely wounded.
The spriggan hits you with a short sword.
* * * LOW HITPOINT WARNING * * *
You hit the spriggan but do no damage.
The spriggan looks as sick as possible!
The spriggan is severely wounded.
The spriggan hits you with a short sword!
You die...
Your body crumbles into a pile of gold.

♣ ♣.. $ .... ♣♣♣♣..|♣ ♣
♣.♣♣♣♣....♣ ###. ♣. ♣.....♣♣
#... ♣.♣♣ ♣♣♣♣...♣ #...#
♣..♣♣♣ ♣♣...♣♣♣♣♣♣ #....##
♣@i♣♣♣ ♣.....))... #.....##
♣♣♣..♣♣♣..♣♣♣♣♣♣♣. #.)###
♣♣♣....♣♣ ♣♣ #..[.#### ♣♣♣♣♣♣
#.##....#### ###
#.#####....################..
#..# ####..................#
##.# #################### #.#


You could see a spriggan.

Vanquished Creatures
  An orc warrior (D:5)
  A spriggan (D:7)
  Menkaure (D:4)
  A phantom (D:6)
  2 centaurs
  Dowan (D:6)
  A bullfrog zombie (D:5)
  A crimson imp (D:5)
  2 jellies (D:5)
  A bullfrog skeleton (D:4)
  2 hounds
  A gnoll shaman (D:5)
  2 orc priests
  2 centaur skeletons (D:6)
  2 orc wizards
  Crazy Yiuf (D:2)
  Ijyb (D:2)
  Jessica (D:2)
  Natasha (thrice) (D:2)
  A worker ant (D:4)
  A hound skeleton (D:6)
  6 adders
  6 gnolls
  A howler monkey skeleton (D:4)
  2 oozes
  An adder skeleton (D:4)
  4 worms
  4 dart slugs
  5 leopard geckos
  11 orcs
  A ball python (D:2)
  6 bats
  2 giant cockroaches
  4 goblins
  6 hobgoblins
  4 jackals (D:6)
  11 kobolds
  A quokka (D:3)
  3 frilled lizards
  A quokka skeleton (D:4)
  6 rats
114 creatures vanquished.

Vanquished Creatures (collateral kills)
  A spriggan (D:7)
  An ogre (D:7)
  An orc priest (D:7)
  2 gnolls (D:4)
  An orc (D:5)
6 creatures vanquished.

Vanquished Creatures (others)
  An ogre (D:5)
  An orc wizard (D:7)
  An orc priest (D:5)
  A gnoll (D:4)
4 creatures vanquished.

Grand Total: 124 creatures vanquished

Notes
Turn   | Place    | Note
-------+----------+-------------------------------------------
     0 | D:1      | Amnesiac the Mummy Artificer began the quest for the Orb.
     0 | D:1      | Reached XP level 1. HP: 15/15 MP: 2/2
   215 | D:1      | Reached XP level 2. HP: 2/21 MP: 4/4
   218 | D:1      | Reached skill level 3 in Evocations
   922 | D:3      | Reached XP level 3. HP: 13/26 MP: 5/5
  1569 | D:4      | Found a shadowy altar of Dithmenos.
  1578 | D:4      | Noticed Menkaure
  1583 | D:4      | Killed Menkaure
  1583 | D:4      | Reached skill level 4 in Evocations
  1583 | D:4      | Reached XP level 4. HP: 32/32 MP: 5/7
  1583 | D:4      | Reached XP level 5. HP: 37/37 MP: 5/8
  1687 | D:4      | Found Nimuipla's Weapon Emporium.
  1694 | D:4      | Found Fuowumuv's Jewellery Emporium.
  1699 | D:4      | Reached skill level 5 in Evocations
  1714 | D:4      | Found Kiom's Antique Armour Shop.
  1903 | D:4      | Found Vohor's General Store.
  2055 | D:4      | Found a shattered altar of Ashenzari.
  2198 | D:4      | Reached XP level 6. HP: 28/43 MP: 10/10
  2493 | D:5      | Entered Level 5 of the Dungeon
  2513 | D:5      | Found a hide-covered altar of Uskayaw.
  2573 | D:5      | Noticed an orc warrior
  2587 | D:5      | Killed an orc warrior
  2587 | D:5      | Reached skill level 6 in Evocations
  3200 | D:5      | Found a deep blue altar of Sif Muna.
  3257 | D:5      | Reached XP level 7. HP: 48/48 MP: 10/12
  3365 | D:5      | Found a staircase to the Ecumenical Temple.
  3374 | Temple   | Entered the Ecumenical Temple
  3424 | Temple   | Became a worshipper of Gozag Ym Sagoz the Greedy
  3650 | D:2      | Noticed Jessica
  3672 | D:2      | Killed Jessica
  3695 | D:2      | Found a glowing silver altar of Zin.
  3695 | D:2      | Noticed an angel
  3723 | D:2      | Noticed Natasha
  3775 | D:2      | Killed Natasha
  3775 | D:2      | Reached skill level 7 in Evocations
  3787 | D:2      | Noticed Ijyb
  3791 | D:2      | Noticed Natasha
  3796 | D:2      | Killed Natasha
  3809 | D:2      | Killed Ijyb
  4427 | D:2      | Noticed Natasha
  4436 | D:2      | Killed Natasha
  4472 | D:2      | Found a runed door.
  4845 | D:2      | Found a shimmering altar of Xom.
  4846 | D:2      | Found a hazy altar of Hepliaklqana.
  4847 | D:2      | Noticed a spectral ugly thing
  5012 | D:2      | Found a burning altar of Makhleb.
  5263 | D:2      | Noticed Crazy Yiuf
  5273 | D:2      | Killed Crazy Yiuf
  5592 | D:3      | Found an iron altar of Okawaru.
  5593 | D:3      | Found a glowing golden altar of the Shining One.
  6621 | D:6      | Reached skill level 8 in Evocations
  6817 | D:6      | Noticed Dowan
  6834 | D:6      | Killed Dowan
  6834 | D:6      | Reached XP level 8. HP: 52/54 MP: 14/14
  7056 | D:6      | Noticed Duvessa
  7138 | D:6      | Duvessa changed into something unseen
  8071 | D:7      | Reached skill level 9 in Evocations
  8241 | D:7      | Slain by a spriggan

Vault maps used:
D:1:      elethiomel_arrival_shortcut
D:2:      regret_index_temple_of_mockery, lightli_temple_of_fire, zin_angel,
          minivault_11, uniq_iyjb, uniq_natasha, uniq_jessica,
          uniq_crazy_yiuf_cottage
D:3:      nicolae_overflow_hidden_temple, minmay_goblin_kobold_house
D:4:      lemuel_doored_altar, overflow_temple_1_default, serial_shops,
          shop_statue, nicolae_shop_overgrown_old_shop, shop, shop,
          uniq_menkaure
D:5:      kennysheep_mini_moat, lemuel_blue_sif_altar, first_bread,
          guppyfry_early_orc_mine
D:6:      uniq_duvessa
D:7:      kb_forest_paths, elyvilon_altar_4
Temple:   jpeg_temple_alley_garden

Skill      XL: |  1  2  3  4  5  6  7  8 |
---------------+-------------------------+-----
Evocations     | 3 4 5 6 8 9 |  9.4
Fighting       | |  1.0
Short Blades   | |  0.7
Dodging        | |  1.5
Stealth        | |  0.7

Action                   |  1- 3 |  4- 6 |  7- 9 || total
-------------------------+-------+-------+-------++-------
Melee: Short sword       |    87 |   166 |   171 ||   424
       Dagger            |       |       |   148 ||   148
       Mace              |       |       |    49 ||    49
       Quarterstaff      |       |       |    40 ||    40
Evoke: Wand              |    10 |     9 |    24 ||    43
  Use: Scroll            |       |       |    12 ||    12
 Stab: Confused          |       |       |     3 ||     3
       Paralysed         |       |       |     3 ||     3
Armor: Leather armour    |    18 |       |       ||    18
       Chain mail        |    33 |    89 |   254 ||   376
Dodge: Dodged            |    45 |    68 |   148 ||   261
